 Dungeon Crawl Stone Soup version 0.15.2 (webtiles) character file.

1135 GhostOklob the Basher (level 8, -3/68 HPs)
             Began as a Deep Dwarf Berserker on Nov 7, 2015.
             Was an Elder of Trog.
             Slain by Prince Ribbit (16 damage)
             ... on Level 5 of the Dungeon.
             The game lasted 00:06:12 (3189 turns).

GhostOklob the Basher (Deep Dwarf Berserker)        Turns: 3189, Time: 00:06:13

HP  -3/68        AC  7     Str 20      XL: 8   Next: 14%
MP   4/4         EV 10     Int  9      God: Trog [****..]
Gold 242         SH  0     Dex 14      Spells:  0 memorised,  7 levels left

rFire  . . .     SeeInvis .     y - +0 flail (holy)
rCold  . . .     Clarity  .     p - +0 ring mail
rNeg   . . .     rCorr    .     (no shield)
rPois  .         rRot     .     (no helmet)
rElec  .         Spirit   .     r - +0 cloak
SustAb .         Warding  .     n - +0 pair of gloves
rMut   .         Stasis   .     (no boots)
Gourm  .                        (no amulet)
MR     +....                    (no ring)
                                (no ring)

@: non-regenerating, somewhat resistant to hostile enchantments, very unstealthy
A: damage resistance, recharge devices, sense surroundings 1, slow healing 3
a: Device Recharging, Burn Spellbooks, Berserk, Trog's Hand, Brothers in Arms,
Renounce Religion


You were on level 5 of the Dungeon.
You worshipped Trog.
Trog was greatly pleased with you.
You were very hungry.

You visited 1 branch of the dungeon, and saw 5 of its levels.

You collected 242 gold pieces.


Innate Abilities, Weirdness & Mutations

You are resistant to damage.
You can recharge devices by infusing magical energy.
You passively map a small area around you.
You do not heal naturally.


   Skills:
 - Level 2.6 Fighting
 + Level 10.1 Maces & Flails
 - Level 2.1 Armour
 - Level 2.1 Dodging


You had 7 spell levels left.
You didn't know any spells.

Inventory:

Hand weapons
 a - a +0 mace
 y - a +0 flail of holy wrath (weapon)
Missiles
 D - a throwing net {=f}
Armour
 b - a +0 animal skin
 n - a +0 pair of gloves (worn)
 p - a +0 ring mail (worn)
 r - a +0 cloak (worn)
 v - a -1 scale mail
 A - a +0 helmet
Magical devices
 c - a wand of heal wounds (3) {!d@v2}
 s - a wand of digging (10)
 C - a wand of slowing (15) {unknown}
Comestibles
 d - 4 bread rations
Scrolls
 g - 2 scrolls of random uselessness
 h - 2 scrolls of identify {@r1}
 j - 6 scrolls of remove curse
 l - a scroll of enchant weapon {unknown}
 m - a scroll of amnesia
 o - a scroll of enchant armour {unknown}
 q - 2 scrolls of fog {unknown}
 w - a scroll of immolation {unknown}
 x - a scroll of teleportation {@r4}
 B - a scroll of recharging {unknown}
Jewellery
 u - an uncursed amulet of the gourmand {unknown}
Potions
 e - 2 potions of beneficial mutation {unknown}
 f - a potion of agility {unknown}
 i - a potion of might {unknown}
 k - a potion of brilliance {unknown}
 t - a potion of degeneration {unknown}
 z - a potion of heal wounds {unknown}
 E - a potion of flight {unknown}

Dungeon Overview and Level Annotations

Branches:
Dungeon (5/15)             Temple (0/1) D:5

Altars:
Ashenzari
Elyvilon
Makhleb
Okawaru
Qazlal
Sif Muna
Vehumet
Zin
The Shining One

Annotations:
D:5 Prince Ribbit

#.......#.# #..#. ,
..........# #..).
#...>...#.## #))..
..........###########))#.
*
.......#.................
..........########.......
#.#.#.#...............##
.............######.##...
..g....Fg....#.......####
#.#..........#.#<##..#
#..........#,#.##...# *
###........#,#.###..# ,
...###........# ..# ,
#### .#####.### *..# *. .
..# . * *#.# . ,


You could see Prince Ribbit and a gnoll.


Message History

Prince Ribbit hits you!
* * * LOW HITPOINT WARNING * * *
You are too injured to fight recklessly!
You are too injured to fight recklessly!
You are too injured to fight recklessly!
You are too injured to fight recklessly!
You are too injured to fight recklessly!
You are too injured to fight recklessly!
You are too injured to fight recklessly!
You are too injured to fight recklessly!
You are too injured to fight recklessly!
You are too injured to fight recklessly!
You are too injured to fight recklessly!
You are too injured to fight recklessly!
You are too injured to fight recklessly!
You are too injured to fight recklessly!
Evoke which item? (* to show all) (? for menu, Esc to quit)
This wand has no charges.
Drink which item? (? for menu, Esc to quit)
Okay, then.
Use which ability? (? or * to list)
You fail to use your ability.
Prince Ribbit hits you.
* * * LOW HITPOINT WARNING * * *
Unknown command.
Use which ability? (? or * to list) Charge which item? (? for menu, Esc to quit)
Your wand of heal wounds (0) {!d@v2} glows for a moment and now has 3 charges.
Prince Ribbit hits you!
You die...

Action                   |  1- 3 |  4- 6 |  7- 9 || total
-------------------------+-------+-------+-------++-------
Melee: Mace              |   126 |   263 |       ||   389
       Flail             |       |       |   164 ||   164
Invok: Trog's Hand       |     1 |     1 |     2 ||     4
       Berserk           |       |     1 |       ||     1
 Abil: Device Recharging |     1 |     1 |     2 ||     4
Evoke: Wand              |     3 |     9 |     9 ||    21
  Use: Scroll            |       |     5 |       ||     5
  Eat: Meat ration       |       |     1 |       ||     1
       Beef jerky        |       |     2 |       ||     2
       Chunk             |       |       |     1 ||     1

Vault maps used:
D:1:      dpeg_arrival_sounds_drone, minmay_misc_feat_hallway
D:2:      minitemple, first_bread, uniq_iyjb
D:3:      lemuel_doored_altar, kennysheep_generic_room_11, uniq_sigmund
D:4:      evilmike_ruin_ashenzari, uniq_edmund
D:5:      makhleb_altar_promises_db, minmay_temple_entry_glass,
          uniq_prince_ribbit1

Notes
Turn   | Place    | Note
--------------------------------------------------------------
     0 | D:1      | GhostOklob, the Deep Dwarf Berserker, began the quest for the Orb.
     0 | D:1      | Reached XP level 1. HP: 20/20 MP: 1/1
    91 | D:1      | HP: 1/20 [giant mite (2)]
    93 | D:1      | Reached XP level 2. HP: 27/27 MP: 2/2
   283 | D:1      | Reached skill level 4 in Maces & Flails
   398 | D:1      | Acquired Trog's second power
   651 | D:2      | Reached XP level 3. HP: 18/33 MP: 3/3
   694 | D:2      | Noticed Ijyb
   711 | D:2      | Killed Ijyb
  1059 | D:2      | Found a deep blue altar of Sif Muna.
  1065 | D:2      | Found a radiant altar of Vehumet.
  1066 | D:2      | Found an iron altar of Okawaru.
  1066 | D:2      | Found a glowing silver altar of Zin.
  1067 | D:2      | Found a stormy altar of Qazlal.
  1067 | D:2      | Found a white marble altar of Elyvilon.
  1249 | D:2      | Reached XP level 4. HP: 32/40 MP: 3/3
  1430 | D:2      | Reached skill level 5 in Maces & Flails
  1632 | D:3      | Reached XP level 5. HP: 33/46 MP: 4/4
  1726 | D:3      | Reached skill level 6 in Maces & Flails
  1764 | D:3      | Noticed Sigmund
  1806 | D:3      | Killed Sigmund
  1806 | D:3      | Reached XP level 6. HP: 39/55 MP: 5/5
  2131 | D:3      | Reached skill level 7 in Maces & Flails
  2160 | D:3      | Found a glowing golden altar of the Shining One.
  2527 | D:4      | Noticed Edmund
  2529 | D:4      | Found a shattered altar of Ashenzari.
  2550 | D:4      | Killed Edmund
  2550 | D:4      | Reached skill level 8 in Maces & Flails
  2550 | D:4      | Reached XP level 7. HP: 43/61 MP: 5/5
  2796 | D:4      | Reached skill level 9 in Maces & Flails
  2821 | D:4      | Acquired Trog's third power
  3024 | D:5      | Entered Level 5 of the Dungeon
  3039 | D:5      | Found a burning altar of Makhleb.
  3063 | D:5      | Reached XP level 8. HP: 32/68 MP: 5/5
  3086 | D:5      | Noticed a balrug
  3125 | D:5      | Found a staircase to the Ecumenical Temple.
  3131 | D:5      | Reached skill level 10 in Maces & Flails
  3138 | D:5      | Noticed Prince Ribbit
  3189 | D:5      | Slain by Prince Ribbit

Vanquished Creatures
  Edmund (D:4)
  A sky beast (D:4)
  2 ogres
  A necrophage (D:4)
  Sigmund (D:3)
  A scorpion (D:4)
  A hound (D:5)
  3 orc priests
  A gnoll shaman (D:5)
  2 worker ants (D:4)
  3 orc wizards
  Ijyb (D:2)
  5 gnolls (D:5)
  6 adders
  2 giant mites
  6 worms
  2 giant geckos (D:1)
  An ooze (D:2)
  22 orcs
  A ball python (D:3)
  10 bats
  A giant cockroach (D:4)
  7 hobgoblins
  2 jackals (D:4)
  5 kobolds
  2 quokkas (D:3)
  5 giant newts
  9 goblins
  12 rats
116 creatures vanquished.
